Map: Orbital Shipyard

Players

McSimka

  • Race: Protoss Protoss
  • League: Bronze

wabbajack - Winner!

  • Race: Zerg Zerg
  • League: Bronze

VOD

Have the link to the VOD?

Description

Time

  • Played on: July 16, 2015, 3:07 p.m.
  • Length: 14:00
Show
View Real Time Build Order
Export as new Build Order

McSimka Protoss 

Build Orders:  

Get SALT Encoding   

  12  0:01  Probe  
  13  0:17  Pylon  
  13  0:20  Probe  
  14  0:35  Probe  
  15  0:40  Gateway  
  15  0:47  Probe (Chrono Boost)  
  16  0:53  Assimilator  
  17  0:58  Probe (Chrono Boost)  
  17  1:16  Pylon  
  17  1:27  Forge  
  17  1:28  Zealot  
  19  1:33  Cybernetics Core  
  19  1:42  Pylon  
  19  1:49  Pylon  
  19  2:01  Photon Cannon  
  19  2:08  Assimilator  
  19  2:10  Probe  
  20  2:27  Warp Gate  
  20  2:31  Probe (Chrono Boost)  
  20  2:41  Probe (Chrono Boost)  
  21  2:48  Probe  
  21  2:50  Nexus  
  22  3:06  Probe  
  23  3:15  Pylon  
  23  3:18  Pylon  
  23  3:19  Probe (Chrono Boost)  
  24  3:29  Probe (Chrono Boost)  
  25  3:36  Probe  
  25  3:37  Pylon  
  25  3:39  Sentry  
  28  3:44  Twilight Council  
  28  3:58  Probe (Chrono Boost), Pylon  
  31  4:10  Probe (Chrono Boost)  
  31  4:11  Probe (Chrono Boost)  
  31  4:13  Protoss Ground Weapons Level 1  
  31  4:19  Probe (Chrono Boost)  
  31  4:20  Probe (Chrono Boost)  
  31  4:22  Photon Cannon  
  15  4:50  Zealot  
  17  5:17  Probe (Chrono Boost)  
  19  5:22  Probe (Chrono Boost)  
  19  5:28  Probe (Chrono Boost)  
  20  5:29  Blink  
  20  5:31  Probe (Chrono Boost)  
  22  5:38  Probe (Chrono Boost)  
  22  5:39  Probe (Chrono Boost)  
  23  5:46  Probe x2 (Chrono Boost)  
  25  5:58  Probe (Chrono Boost)  
  27  6:04  Probe (Chrono Boost)  
  27  6:08  Probe (Chrono Boost)  
  29  6:14  Probe (Chrono Boost)  
  29  6:15  Probe (Chrono Boost)  
  30  6:20  Stalker  
  30  6:24  Probe (Chrono Boost)  
  34  6:25  Probe (Chrono Boost)  
  34  6:26  Gateway  
  34  6:34  Probe  
  34  6:35  Protoss Ground Weapons Level 2 (Chrono Boost)  
  35  6:46  Probe (Chrono Boost)  
  37  6:50  Probe (Chrono Boost)  
  37  6:51  Assimilator  
  37  6:57  Probe (Chrono Boost)  
  37  6:59  Probe (Chrono Boost)  
  39  7:04  Assimilator  
  39  7:05  Probe x2 (Chrono Boost)  
  41  7:10  Robotics Facility  
  41  7:13  Gateway  
  41  7:16  Probe x2  
  43  7:22  Gateway  
  43  7:28  Gateway  
  43  7:32  Pylon  
  43  7:36  Stalker  
  45  7:40  Probe x2  
  47  7:48  Photon Cannon  
  47  7:52  Probe x2  
  47  7:56  Stalker  
  51  8:10  Stalker  
  53  8:21  Warp Prism (Chrono Boost)  
  53  8:23  Stalker  
  57  8:28  Stalker x2  
  57  8:29  Stalker  
  63  8:35  Pylon  
  63  8:38  Pylon  
  63  8:43  Photon Cannon  
  63  8:45  Photon Cannon  
  63  8:55  Robotics Bay  
  63  8:57  Probe (Chrono Boost)  
  63  9:02  Probe (Chrono Boost)  
  65  9:07  Probe (Chrono Boost)  
  67  9:10  Probe (Chrono Boost), Pylon  
  67  9:14  Probe  
  68  9:21  Probe  
  68  9:23  Stalker x3  
  75  9:24  Stalker  
  77  9:39  Stalker  
  77  9:42  Observer (Chrono Boost)  
  82  10:01  Stalker x2  
  82  10:02  Stalker x2  
  82  10:03  Disruptor (Chrono Boost)  
  89  10:24  Zealot  
  89  10:26  Stalker  
  89  10:27  Stalker x3  
  99  10:53  Nexus  
  99  10:54  Stalker x2  
  99  10:55  Stalker x2  
  107  10:58  Stalker, Assimilator  
  107  11:02  Assimilator  
  109  11:04  Pylon  
  109  11:06  Pylon  
  109  11:20  Pylon  
  109  11:24  Pylon  
  109  11:25  Probe x2  
  111  11:28  Pylon  
  111  11:31  Photon Cannon  
  111  11:37  Probe x2  
  117  11:41  Disruptor (Chrono Boost)  
  117  11:57  Stalker x4  
  117  11:58  Stalker  
  127  12:09  Gateway  
  127  12:10  Gateway  
  127  12:11  Photon Cannon  
  127  12:22  Extended Thermal Lance (Chrono Boost)  
  127  12:52  Disruptor  
  127  13:00  Disruptor  
Show
View Real Time Build Order
Export as new Build Order

wabbajack Zerg - Winner!

Build Orders: Pool First 

Get SALT Encoding   

  12  0:01  Drone  
  13  0:13  Drone  
  14  0:18  Overlord  
  14  0:26  Extractor  
  13  0:30  Extractor  
  13  0:32  Drone x2  
  15  0:48  Spawning Pool  
  14  0:53  Drone  
  14  0:56  Drone  
  16  1:10  Drone x2  
  18  1:32  Drone x2  
  20  1:36  Queen  
  20  1:39  Extractor  
  21  1:42  Zergling x2  
  22  1:50  Overlord  
  22  1:52  Metabolic Boost  
  23  2:12  Baneling Nest  
  22  2:19  Extractor  
  21  2:25  Drone x2  
  21  2:29  Hatchery  
  22  2:30  Pneumatized Carapace  
  22  2:48  Zergling x8  
  27  2:51  Zergling x4  
  28  3:03  Drone  
  29  3:07  Drone  
  30  3:17  Overlord  
  30  3:19  Overlord  
  30  3:33  Baneling x2  
  30  3:34  Baneling x2  
  30  3:51  Queen  
  30  3:53  Drone  
  30  3:54  Drone x7  
  36  4:56  Lair  
  36  4:58  Drone  
  36  4:59  Drone x9  
  45  5:04  Hatchery  
  43  5:09  Evolution Chamber x2, Roach Warren  
  40  5:15  Queen  
  40  5:19  Extractor  
  40  5:21  Extractor  
  40  5:24  Drone x5  
  40  5:26  Overlord x2  
  45  5:29  Drone x2  
  45  5:32  Drone  
  45  5:34  Drone  
  49  5:35  Drone  
  49  5:37  Drone  
  51  5:53  Glial Reconstitution  
  51  5:56  Zerg Missile Weapons Level 1, Zerg Ground Armor Level 1  
  51  6:00  Hydralisk Den  
  50  6:04  Infestation Pit  
  50  6:05  Spore Crawler  
  50  6:08  Spore Crawler  
  50  6:09  Spine Crawler  
  50  6:10  Spine Crawler  
  45  6:12  Drone x2  
  45  6:13  Drone  
  45  6:14  Drone  
  45  6:16  Drone  
  50  6:19  Drone  
  51  6:34  Zergling x6  
  51  6:35  Zergling x10  
  59  6:42  Lurker Den  
  59  6:43  Hive  
  59  6:58  Hydralisk x4  
  67  7:04  Roach  
  67  7:05  Roach  
  67  7:06  Roach  
  73  7:15  Overlord x2  
  73  7:18  Overseer  
  73  7:28  Drone  
  74  7:36  Extractor  
  73  7:40  Extractor  
  73  7:42  Spire  
  71  7:48  Drone x4  
  71  7:49  Drone x2  
  71  7:50  Drone  
  71  7:51  Drone x10  
  84  7:56  Overlord  
  88  8:00  Overlord  
  88  8:04  Zerg Missile Weapons Level 2  
  88  8:12  Zerg Ground Armor Level 2  
  88  8:16  Muscular Augments  
  88  8:23  Viper  
  91  8:32  Overlord x2  
  91  8:34  Drone x4  
  93  8:35  Drone  
  96  8:49  Overlord  
  96  8:52  Spine Crawler  
  95  8:55  Spore Crawler  
  95  8:59  Corruptor x4, Greater Spire  
  95  9:02  Lurker  
  103  9:04  Lurker  
  103  9:06  Roach  
  103  9:07  Roach  
  103  9:08  Overlord, Roach  
  103  9:09  Overlord  
  106  10:06  Hydralisk x5, Roach  
  106  10:07  Hydralisk x4, Roach x6  
  116  10:08  Roach x2  
  116  10:09  Overlord  
  116  10:10  Overlord x6  
  116  10:11  Overlord  
  138  10:48  Corruptor x5  
  138  10:49  Corruptor x3  
  154  11:00  Zerg Melee Weapons Level 1  
  154  11:01  Adrenal Glands  
  154  11:02  Hatchery  
  153  11:05  Hatchery  
  152  11:21  Zerg Flyer Armor Level 1  
  152  11:24  Spine Crawler  
  151  11:25  Spine Crawler  
  152  11:32  Brood Lord  
  152  11:33  Brood Lord  
  154  11:50  Roach x12  
  154  11:51  Roach x2  
  154  11:52  Zergling x2  
  154  11:53  Zergling x18  
  192  12:35  Baneling x3  
  192  12:36  Baneling x5  
  192  12:53  Queen  
  192  12:55  Queen  
  195  13:07  Brood Lord x2  
Tags
 
Add a new tag
Caveats
  • Supply blocks, unpowered buildings, or Contaminate may cause inaccurate times.
  • Supply counts are checked every 10 seconds.